Map: Blackpink LE

Players

Alchemy - Winner!

  • Race: Protoss Protoss
  • League: Gold
  • Spawn Location: 1:00

Saturatedfat

  • Race: Terran Terran
  • League: Gold
  • Spawn Location: 7:00

VOD

Have the link to the VOD?

Description

Time

  • Played on: March 18, 2018, 4:37 p.m.
  • Length: 11:26
Show
View Real Time Build Order
Export as new Build Order

Alchemy Protoss - Winner!

Build Orders: 1 Gate Expand 

Get SALT Encoding   

  12  0:01  Probe  
  13  0:13  Probe  
  14  0:19  Pylon  
  14  0:25  Probe  
  15  0:37  Gateway, Probe  
  16  0:47  Assimilator  
  16  0:49  Probe  
  17  1:01  Probe  
  18  1:13  Probe  
  19  1:22  Nexus  
  19  1:26  Probe  
  20  1:33  Cybernetics Core  
  20  1:38  Probe  
  21  1:44  Assimilator  
  21  1:50  Probe  
  21  1:51  Pylon  
  22  2:06  Probe  
  22  2:07  Stalker (Chrono Boost)  
  23  2:11  Warp Gate  
  25  2:19  Probe  
  26  2:31  Probe  
  27  2:40  Probe (Chrono Boost)  
  27  2:43  Probe (Chrono Boost)  
  29  2:47  Gateway  
  30  2:52  Probe (Chrono Boost)  
  30  2:55  Probe (Chrono Boost)  
  31  2:58  Probe (Chrono Boost)  
  31  3:00  Probe (Chrono Boost)  
  31  3:05  Twilight Council, Probe  
  33  3:08  Robotics Facility  
  33  3:09  Probe  
  35  3:14  Zealot  
  35  3:17  Probe  
  38  3:21  Probe  
  39  3:30  Probe  
  39  3:33  Probe  
  41  3:40  Zealot  
  41  3:41  Charge (Chrono Boost)  
  43  3:42  Probe, Zealot  
  46  3:52  Pylon  
  46  3:54  Pylon  
  46  4:08  Warp Prism (Chrono Boost)  
  46  4:10  Probe x2  
  50  4:22  Probe x2  
  52  4:34  Probe  
  52  4:36  Immortal  
  57  4:41  Nexus  
  57  4:43  Pylon, Gateway  
  57  4:44  Gateway  
  57  4:46  Pylon  
  57  4:52  Probe x2 (Chrono Boost)  
  59  4:53  Gateway  
  59  4:57  Assimilator  
  59  5:04  Probe (Chrono Boost)  
  59  5:05  Probe (Chrono Boost)  
  61  5:12  Probe x2 (Chrono Boost)  
  63  5:16  Stalker  
  63  5:17  Stalker  
  63  5:18  Probe x2  
  69  5:42  Stalker x2  
  73  5:43  Stalker x2  
  77  5:50  Probe  
  77  5:53  Probe  
  74  6:02  Probe  
  69  6:09  Stalker x3  
  69  6:10  Stalker  
  73  6:27  Immortal (Chrono Boost)  
  77  6:33  Pylon  
  77  6:34  Probe x2  
  77  6:35  Probe  
  80  6:46  Probe, Zealot x3  
  80  6:47  Probe x2, Zealot  
  91  6:51  Zealot  
  93  6:58  Immortal  
  93  6:59  Probe x3  
  100  7:09  Gateway  
  100  7:10  Gateway  
  100  7:11  Forge, Probe  
  100  7:15  Forge  
  101  7:18  Pylon  
  101  7:24  Pylon  
  101  7:42  Probe x3  
  104  7:50  Pylon  
  104  7:54  Pylon  
  104  7:57  Probe x2  
  106  8:05  Probe  
  106  8:09  Probe x2  
  109  8:19  Zealot  
  111  8:20  Zealot x3  
  111  8:21  Zealot  
  111  8:26  Protoss Ground Weapons Level 1 (Chrono Boost)  
  119  8:27  Protoss Ground Armor Level 1 (Chrono Boost)  
  119  8:47  Nexus  
  117  8:50  Pylon, Probe x3  
  117  8:52  Pylon  
  114  8:59  Assimilator  
  112  9:14  Gateway x2  
  112  9:17  Gateway  
  112  9:19  Gateway  
  112  9:23  Gateway  
  112  9:25  Assimilator, Gateway  
  112  9:26  Pylon  
  112  9:28  Assimilator  
  112  9:34  Immortal (Chrono Boost)  
  116  9:46  Zealot x2  
  116  9:47  Zealot x3  
  116  9:48  Zealot  
  116  10:04  Immortal (Chrono Boost)  
  110  10:07  Zealot  
  110  10:08  Zealot x4  
  110  10:09  Zealot x2  
  124  10:31  Zealot x3  
  124  10:32  Zealot x3  
  124  10:33  Zealot x4  
  124  10:34  Zealot x3  
  150  10:36  Immortal  
  154  10:48  Robotics Bay  
  154  10:55  Pylon  
  154  11:03  Robotics Facility  
Show
View Real Time Build Order
Export as new Build Order

Saturatedfat Terran 

Build Orders: Reaper Expand, MMM Bio 

Get SALT Encoding   

  12  0:00  SCV  
  13  0:12  SCV  
  14  0:18  Supply Depot  
  14  0:25  SCV  
  15  0:39  SCV  
  15  0:41  Barracks  
  16  0:44  Refinery  
  16  0:51  SCV  
  17  1:03  SCV  
  18  1:15  SCV  
  19  1:29  Reaper  
  19  1:30  Orbital Command  
  20  1:41  Command Center  
  20  1:51  Supply Depot  
  20  1:55  SCV  
  21  2:03  Barracks  
  21  2:05  Marine  
  22  2:10  Refinery  
  22  2:23  SCV  
  23  2:34  Barracks Reactor  
  23  2:35  SCV  
  23  2:44  Factory  
  23  2:47  SCV  
  24  3:02  SCV  
  24  3:04  Barracks Tech Lab  
  25  3:12  Supply Depot, Orbital Command  
  25  3:17  Marine x2  
  27  3:24  Stimpack, Marine  
  28  3:29  Starport  
  28  3:30  Factory Reactor  
  28  3:32  SCV  
  29  3:42  Marine x2  
  29  3:48  SCV  
  32  3:51  Marine  
  32  3:54  SCV  
  34  3:59  Marine x2  
  36  4:06  Supply Depot  
  36  4:09  Marine  
  37  4:21  Medivac x2, Engineering Bay  
  41  4:24  Marine  
  41  4:25  Marine  
  41  4:27  Marine  
  41  4:28  SCV  
  45  4:32  Factory Reactor  
  45  4:34  Liberator  
  45  4:39  SCV  
  45  4:40  SCV  
  45  4:42  Refinery, Marine x2  
  45  4:43  Refinery  
  45  4:45  Marine  
  53  4:54  Missile Turret  
  53  5:39  Medivac x2  
  53  5:40  Combat Shields, Marauder  
  53  5:41  Marine x2  
  50  6:42  Marine x2  
  50  6:43  Marauder  
  50  6:46  Widow Mine x2  
  58  6:58  SCV  
  58  7:00  Marine x2  
  61  7:10  Supply Depot  
  61  7:11  SCV  
  61  7:13  Widow Mine x2, Marauder  
  68  7:17  Terran Infantry Weapons Level 1  
  68  7:18  Marine x2, Barracks  
  68  7:19  Concussive Shells  
  68  7:20  Barracks  
  70  7:25  Barracks  
  70  7:32  SCV x2  
  70  7:34  Widow Mine x2, Marauder  
  70  7:36  Marine  
  78  7:54  Command Center  
  78  8:13  Supply Depot  
  78  8:35  Widow Mine x2, Marauder, Viking, SCV x2  
  82  8:47  SCV x2  
  75  8:56  Marauder  
  75  8:59  SCV x2  
  78  9:11  SCV x2  
  78  9:12  Terran Infantry Armor Level 1  
  80  9:23  SCV x2  
  86  9:31  Widow Mine x2  
  86  9:35  SCV x2  
  88  9:45  Barracks Tech Lab x2  
  88  9:46  Barracks Reactor  
  88  9:47  SCV x2  
  90  9:52  Widow Mine  
  90  9:59  SCV x2  
  86  10:00  Widow Mine  
  84  10:11  SCV x2  
  84  10:14  Widow Mine  
  88  10:18  Marine  
  88  10:19  Marauder  
  91  10:22  Widow Mine  
  91  10:23  SCV  
  91  10:25  Orbital Command  
  94  10:35  SCV  
  94  10:39  Marauder  
  94  10:41  Marauder  
  99  10:43  Marine x2  
  99  10:45  Refinery x2  
  99  10:49  Armory  
  101  10:50  Ghost Academy  
  101  10:53  Starport Reactor  
Tags
 
Add a new tag
Caveats
  • Supply blocks, unpowered buildings, or Contaminate may cause inaccurate times.
  • Supply counts are checked every 10 seconds.